 Dungeon Crawl Stone Soup version 0.22-a0-587-g7d32d7c (webtiles) character file.

9569 GameOver the Gusty (level 11, -1/92 HPs)
             Began as a Naga Wizard on July 4, 2018.
             Was a High Priest of Kikubaaqudgha.
             Hit by a javelin thrown by a minotaur (8 damage)
             ... in a labyrinth.
             The game lasted 01:14:41 (9685 turns).

GameOver the Gusty (Naga Wizard)                    Turns: 9685, Time: 01:14:42

Health: -1/92      AC:  8    Str:  9    XL:     11   Next: 48%
Magic:  4/21       EV: 15    Int: 22    God:    Kikubaaqudgha [*****.]
Gold:   642        SH:  0    Dex: 18    Spells: 5/23 levels left

rFire    . . .     SeeInvis +   q - +2 shortbow (flame)
rCold    . . .     Gourm    .   (shield currently unavailable)
rNeg     . . .     Faith    +   a - +0 robe
rPois    +         Spirit   .   m - +0 helmet
rElec    .         Reflect  .   v - +1 cloak {MR+}
rCorr    .         Harm     .   p - +0 pair of gloves
MR       ++...                  (no barding)
Stlth    +++.......             y - amulet of faith
HPRegen  1.25/turn              g - +3 ring of dexterity
MPRegen  0.17/turn              (no ring)

@: agile, short of breath, regenerating, very slow
A: large, see invisible, deformed body, poison resistance, slowness 2, slow
metabolism 1, spit poison 1, AC +3
a: Spit Poison, Receive Corpses, Torment, Renounce Religion


You were in a labyrinth.
You worshipped Kikubaaqudgha.
Kikubaaqudgha was extremely pleased with you.
You were not hungry.

You visited 2 branches of the dungeon, and saw 12 of its levels.
You also visited: Labyrinth and Ossuary.

You collected 642 gold pieces.

Inventory:

Hand Weapons
 q - a +2 shortbow of flaming (weapon)
 s - a +4 spear of freezing
 w - the +7 dagger "Tonamic" {pain, rElec}
   (You found it on level 10 of the Dungeon)

   In the hands of one skilled in necromantic magic, it inflicts extra damage on
   living creatures.
   It insulates you from electricity.
 x - a +2 quarterstaff of chaos
 A - a +0 hunting sling
 H - a +4 hand crossbow of freezing
 J - a +1 trident of flaming
 L - a +2 mace of holy wrath
Missiles
 k - 100 bolts
 B - 86 sling bullets
 C - 18 arrows (quivered)
Armour
 a - a +0 robe (worn)
 m - a +0 helmet (worn)
 p - a +0 pair of gloves (worn)
 v - a +1 cloak of magic resistance (worn)
Jewellery
 g - a +3 ring of dexterity (left hand)
 y - an amulet of faith (around neck)
Wands
 F - a wand of enslavement (12)
 G - a wand of random effects (34)
Scrolls
 b - a scroll of teleportation
 i - 3 scrolls of fog
 l - 6 scrolls of enchant weapon
 o - a scroll of immolation
 D - 2 scrolls of fear
 E - 2 scrolls of remove curse
 I - a scroll of identify
Potions
 c - 4 potions of haste {unknown}
 e - 5 potions of curing
 f - a potion of cancellation
 h - 2 potions of agility
 j - 2 potions of ambrosia {unknown}
 n - 4 potions of heal wounds
 r - 2 potions of flight
 t - 2 potions of might
 u - 2 potions of degeneration {unknown}
 z - a potion of lignification
 M - a potion of mutation
Comestibles
 d - 15 rations


   Skills:
 - Level 4.0 Fighting
 - Level 4.0 Short Blades
 - Level 1.5 Dodging
 - Level 3.0 Stealth
 + Level 6.9 Spellcasting
 * Level 7.7 Conjurations
 + Level 4.1 Charms
   Level 1.0 Summonings
 * Level 7.6 Necromancy
 - Level 3.0 Translocations
 * Level 7.9 Air Magic
 - Level 6.1 Poison Magic


You had 5 spell levels left.
You knew the following spells:

 Your Spells              Type           Power        Failure   Level  Hunger
a - Lightning Bolt        Conj/Air       #####.....   10%         5    #####..
b - Blink                 Tloc           N/A          3%          2    None
c - Dispel Undead         Necr           #####...     10%         5    #####..
d - Mephitic Cloud        Conj/Pois/Air  #####...     1%          3    None
x - Regeneration          Chrm/Necr      ####......   2%          3    None

Your spell library contained the following spells:

 Spells                   Type           Power        Failure   Level  Hunger
 Magic Dart               Conj           ####         1%          1    None
 Conjure Flame            Conj/Fire      ###.....     4%          3    None
 Slow                     Hex            #.......     13%         2    None
 Pain                     Necr           ####         1%          1    None
 Animate Skeleton         Necr           N/A          1%          1    None
 Call Imp                 Summ           ##......     9%          2    None
 Sublimation of Blood     Necr           #####.....   1%          2    None
 Shock                    Conj/Air       ####         1%          1    None
 Swiftness                Chrm/Air       ####....     1%          2    None
 Death Channel            Necr           #####.....   50%         6    ######.
 Airstrike                Air            #####.....   3%          4    ###....
 Static Discharge         Conj/Air       #####...     1%          3    None
 Simulacrum               Ice/Necr       ###.......   95%         6    ######.
 Excruciating Wounds      Chrm/Necr      ####......   21%         5    #####..
 Borgnjor's Vile Clutch   Necr/Erth      ###.......   43%         5    #####..


Dungeon Overview and Level Annotations

Branches:
Dungeon (11/15)            Temple (1/1) D:4            Lair (0/6) D:11
    Orc (0/2) D:9

Altars:
Ashenzari
Cheibriados
Elyvilon
Fedhas
Gozag
Hepliaklqana
Kikubaaqudgha
Makhleb
Nemelex Xobeh
Okawaru
Ru
Sif Muna
Uskayaw
Vehumet
Wu Jian
Yredelemnul
Zin

Shops:
D:5 }   D:6 (   D:9 }

Annotations:
D:3 1 runed door


Innate Abilities, Weirdness & Mutations

You cannot wear boots.
Your serpentine skin is tough. (AC +3)
You have supernaturally acute eyesight. (SInv)
Armour fits poorly on your strangely shaped body.
Your system is resistant to poisons. (rPois)
You cover ground very slowly.
You have a slow metabolism.
You can spit poison.


Message History

Press: ? - help, Shift-Dir - straight line, f/p - minotaur
Aim: a minotaur, wearing a plate armour (noxious fumes, moderately wounded, confused)
The splash of poison hits the minotaur.
The minotaur is moderately wounded.
You feel slightly more hungry.
The minotaur is engulfed in noxious fumes.
Firing (i - inventory)
C - 19 arrows (quivered)
Press: ? - help, Shift-Dir - straight line, f/p - minotaur
Aim: a minotaur, wearing a plate armour (noxious fumes, moderately wounded, confused)
You shoot an arrow.
The arrow hits the minotaur but does no damage.
The minotaur is moderately wounded.
The minotaur seems less confused.
The minotaur is engulfed in noxious fumes.
The minotaur throws a javelin.
The javelin hits you!!
* * * LOW HITPOINT WARNING * * *
The minotaur is engulfed in noxious fumes.
The minotaur throws a javelin.
The javelin hits you!
You die...
Kikubaaqudgha rasps: "You have failed me!
Welcome... death!"

#. #.#####
### #. ..#
#.. # #
#.#.# #
#...#.#...#
# #.#.# #H#
# # #.# #(#
..
.#.#.###H#
.# ..
#(..@.ยงยง#
# ...
.#########
# # #. . #
..#. ... ##
.# # # . .
# ## .# # .
# #.#


You could see a minotaur.

Vanquished Creatures
  2 two-headed ogres
  Pikel (D:7)
  A cyclops (D:9)
  Joseph (D:10)
  A gargoyle (Lab)
  The ghost of Hebeh the Chopper, an amateur MiFi (D:3)
  Prince Ribbit (D:7)
  A shadow (D:11)
  A spriggan (shapeshifter) (D:10)
  3 fire bats (D:9)
  A basilisk (D:11)
  A steam dragon (D:8)
  2 wargs (D:9)
  A hell hound (D:9)
  3 orc warriors
  4 ice beasts
  A sky beast (D:10)
  2 black bears
  A phantom (D:6)
  8 ogres
  3 centaurs
  A big kobold (D:8)
  3 gnoll sergeants
  4 bullfrogs
  2 water moccasin zombies (Ossuary)
  A troll zombie (D:9)
  4 killer bees (D:10)
  A troll skeleton (D:9)
  6 wights
  5 howler monkeys
  2 lava snakes (D:9)
  3 crimson imps
  4 human zombies (D:9)
  Crazy Yiuf (D:2)
  A jelly (D:8)
  2 centaur skeletons
  3 orc priests
  5 hounds
  6 orc wizards
  3 bullfrog skeletons
  A gnoll shaman (D:2)
  2 iguanas
  8 worker ants
  2 big kobold zombies (Ossuary)
  A hound zombie (D:7)
  5 mummies
  3 hound skeletons
  Robin (D:2)
  2 worker ant zombies
  22 gnolls
  9 adders
  2 shadow imps
  An ooze (D:2)
  5 adder zombies (Ossuary)
  5 worms
  3 dart slugs
  4 leopard geckos
  23 orcs
  A ball python (D:6)
  2 bats
  7 giant cockroaches
  A gnoll zombie (Ossuary)
  18 goblins
  5 hobgoblins
  16 jackals
  7 kobolds
  3 quokkas
  2 hobgoblin zombies (Ossuary)
  2 jackal skeletons
  6 kobold zombies (Ossuary)
  A leopard gecko skeleton (D:8)
  5 orc zombies
  5 rats
277 creatures vanquished.

Vanquished Creatures (collateral kills)
  A fire bat (D:9)
  A killer bee (D:10)
  2 big kobold zombies (Ossuary)
  A gnoll zombie (Ossuary)
  A hobgoblin zombie (Ossuary)
  2 kobold zombies (Ossuary)
  A fire vortex (D:9)
9 creatures vanquished.

Vanquished Creatures (others)
  An ice beast (D:6)
  A slave (D:7)
  2 wights (D:7)
  2 fire vortices (D:9)
6 creatures vanquished.

Grand Total: 292 creatures vanquished

Notes
Turn   | Place    | Note
-------+----------+-------------------------------------------
     0 | D:1      | GameOver the Naga Wizard began the quest for the Orb.
     0 | D:1      | Reached XP level 1. HP: 15/15 MP: 4/4
   119 | D:1      | Reached XP level 2. HP: 22/22 MP: 3/6
   361 | D:1      | Reached XP level 3. HP: 16/28 MP: 1/7
   365 | D:1      | Learned a level 2 spell: Blink
   368 | D:1      | Learned a level 2 spell: Call Imp
   372 | D:1      | Learned a level 3 spell: Mephitic Cloud
   582 | D:2      | Noticed Robin
   600 | D:2      | Killed Robin
   695 | D:2      | Reached XP level 4. HP: 21/36 MP: 2/8
  1170 | D:2      | Reached skill level 1 in Short Blades
  1177 | D:2      | Reached XP level 5. HP: 17/42 MP: 5/9
  1506 | D:2      | Found a runed door.
  1510 | D:2      | Noticed Crazy Yiuf
  1516 | D:2      | Killed Crazy Yiuf
  1634 | D:2      | Found a burning altar of Makhleb.
  1647 | D:2      | Reached skill level 1 in Poison Magic
  1703 | D:3      | Reached XP level 6. HP: 49/49 MP: 6/10
  1719 | D:3      | Found a runed gate.
  1719 | D:3      | Found a runed gate.
  1724 | D:3      | Found a runed gate.
  1726 | D:3      | Noticed Hebeh's ghost (amateur MiFi)
  1747 | D:3      | Found a white marble altar of Elyvilon.
  1747 | D:3      | Found a runed door.
  1747 | D:3      | Noticed an angel
  1957 | D:3      | Found an ornate altar of the Wu Jian Council.
  2081 | D:3      | Reached skill level 5 in Conjurations
  2404 | D:4      | Reached skill level 1 in Air Magic
  2469 | D:4      | Noticed an ice beast
  2482 | D:4      | Killed an ice beast
  2482 | D:4      | Reached XP level 7. HP: 54/55 MP: 5/11
  2655 | D:4      | Found a staircase to the Ecumenical Temple.
  2664 | Temple   | Entered the Ecumenical Temple
  2738 | Temple   | Became a worshipper of Kikubaaqudgha
  2887 | D:4      | Found a deep blue altar of Sif Muna.
  2919 | D:5      | Entered Level 5 of the Dungeon
  3233 | D:5      | Found Wupot's Gadget Shop.
  3322 | D:5      | Reached * piety under Kikubaaqudgha
  3322 | D:5      | Identified Kikubaaqudgha's Grimoire of Dark Rites (Kikubaaqudgha gifted it to you on level 5 of the Dungeon)
  3322 | D:5      | Received a gift from Kikubaaqudgha
  3633 | D:6      | Reached XP level 8. HP: 60/62 MP: 12/12
  3800 | D:6      | Reached skill level 5 in Poison Magic
  3925 | D:6      | Reached ** piety under Kikubaaqudgha
  3966 | D:6      | Found an opulent altar of Gozag.
  4112 | D:6      | Found Gisudgh's Antique Weapon Emporium.
  4352 | D:7      | Reached skill level 1 in Fighting
  4352 | D:7      | Reached skill level 1 in Necromancy
  4379 | D:7      | Reached XP level 9. HP: 50/72 MP: 5/15
  4497 | D:7      | Found a sparkling altar of Nemelex Xobeh.
  4507 | D:7      | Noticed Prince Ribbit
  4513 | D:7      | Killed Prince Ribbit
  4513 | D:7      | Reached skill level 5 in Air Magic
  4555 | D:7      | Reached skill level 5 in Spellcasting
  4563 | D:7      | Found a sand-covered staircase.
  4574 | Ossuary  | Entered an ossuary
  4694 | Ossuary  | Reached *** piety under Kikubaaqudgha
  4694 | Ossuary  | Identified Kikubaaqudgha's Grimoire of Evil (Kikubaaqudgha gifted it to you in an ossuary)
  4694 | Ossuary  | Received a gift from Kikubaaqudgha
  5219 | D:7      | Found an iron altar of Okawaru.
  5315 | D:7      | Noticed Pikel
  5326 | D:7      | Killed Pikel
  5621 | D:7      | Found a sacrificial altar of Ru.
  5763 | D:3      | Learned a level 3 spell: Regeneration
  5836 | D:3      | Killed Hebeh's ghost
  5964 | D:8      | Found a radiant altar of Vehumet.
  5973 | D:8      | Reached skill level 1 in Charms
  6004 | D:8      | Reached XP level 10. HP: 65/85 MP: 18/18
  6043 | D:8      | Noticed a two-headed ogre
  6064 | D:8      | Killed a two-headed ogre
  6064 | D:8      | Reached skill level 5 in Necromancy
  6242 | D:8      | Reached **** piety under Kikubaaqudgha
  6856 | D:9      | Noticed a cyclops
  6876 | D:9      | Killed a cyclops
  6879 | D:9      | Noticed a two-headed ogre
  6905 | D:9      | Killed a two-headed ogre
  7402 | D:9      | Reached XP level 11. HP: 92/92 MP: 15/20
  7484 | D:9      | Found a staircase to the Orcish Mines.
  7494 | D:9      | Learned a level 5 spell: Lightning Bolt
  7945 | D:9      | Found Hicemuva's Gadget Shoppe.
  8083 | D:9      | Learned a level 5 spell: Dispel Undead
  8329 | D:9      | Found a basalt altar of Yredelemnul.
  8445 | D:10     | Entered Level 10 of the Dungeon
  8501 | D:10     | Noticed Joseph
  8526 | D:10     | Killed Joseph
  8813 | D:10     | Reached ***** piety under Kikubaaqudgha
  9126 | D:10     | Got a crude dagger
  9127 | D:10     | Identified the +7 dagger "Tonamic" {pain, rElec} (You found it on level 10 of the Dungeon)
  9339 | D:11     | Found a shattered altar of Ashenzari.
  9436 | D:11     | Found a labyrinth entrance.
  9453 | Lab      | Entered a labyrinth
  9660 | Lab      | Noticed a minotaur
  9685 | Lab      | Hit by a javelin thrown by a minotaur

Vault maps used:
D:1:      minmay_arrival_hallway
D:2:      makhleb_grotto_becter, uniq_robin, uniq_crazy_yiuf_cottage
D:3:      lemuel_doored_altar, ebering_ghost_rock_garden, lemuel_angel_altar
D:4:      led_sif_pool, minmay_temple_entry_nine_rooms
D:5:      first_ration, serial_shops, shop, kennysheep_generic_room_8
D:6:      serial_shops, nicolae_shop_window_shopping, grunt_gozag_statues
D:7:      nemelex_xobeh_ov_fountains_minmay, lemuel_round_altar,
          kennysheep_mini, nicolae_ossuary_entry_plus,
          corexii_item_surrounded_by_moat, uniq_pikel, uniq_prince_ribbit1
D:8:      basic_altar
D:9:      lemuel_mausoleum_altar_yredelemnul, minmay_orc_entry_guard_dogs,
          serial_shops, shop, hangedman_incinerator
D:10:     uniq_joseph
D:11:     lair_entry_dummy, lab_entry_generic, evilmike_ruin_ashenzari
Temple:   regret_index_temple_generic_petals
Lab:      labyrinth_mini_lab, nicolae_lab_arrow, lab_statue,
          nicolae_lab_t_cross, lab_hedge, labyrinth_glass_1
Ossuary:  ossuary_tomb_2

Skill      XL: |  1  2  3  4  5  6  7  8  9 10 11 |
---------------+----------------------------------+-----
Conjurations   | 2 3 4 5 6 7 |  7.7
Short Blades   | 1 2 3 4 |  4.0
Poison Magic   | 1 2 4 6 |  6.1
Air Magic      | 1 2 4 6 7 |  7.9
Spellcasting   | 4 5 6 |  6.9
Fighting       | 1 4 |  4.0
Necromancy     | 1 4 6 7 |  7.6
Charms         | 1 3 4 |  4.1
Translocations | 2 3 |  3.0
Dodging        | |  1.5
Stealth        | |  3.0
Summonings     | |  1.0

Action                   |  1- 3 |  4- 6 |  7- 9 | 10-12 || total
-------------------------+-------+-------+-------+-------++-------
Melee: Dagger            |    16 |    31 |    75 |   115 ||   237
       Quarterstaff      |       |    15 |    54 |    61 ||   130
       Spear             |       |     1 |   205 |   110 ||   316
       Mace              |       |       |       |     6 ||     6
 Fire: Shortbow          |       |       |    52 |   203 ||   255
 Cast: Magic Dart        |    44 |    70 |    68 |     5 ||   187
       Mephitic Cloud    |     1 |     4 |    15 |    26 ||    46
       Call Imp          |       |       |    12 |       ||    12
       Regeneration      |       |       |     4 |    38 ||    42
       Blink             |       |       |       |     5 ||     5
       Dispel Undead     |       |       |       |    10 ||    10
       Lightning Bolt    |       |       |       |     6 ||     6
 Abil: Spit Poison       |    25 |    29 |    52 |    66 ||   172
Evoke: Wand              |       |       |    16 |     2 ||    18
  Use: Scroll            |       |     1 |     7 |    10 ||    18
       Potion            |       |       |       |     7 ||     7
 Stab: Sleeping          |     1 |     1 |     4 |     2 ||     8
       Distracted        |     1 |       |     1 |     1 ||     3
       Confused          |       |     1 |     3 |     4 ||     8
       Paralysed         |       |       |     7 |     4 ||    11
  Eat: Chunk             |     1 |     6 |    12 |    17 ||    36
       Ration            |       |       |     1 |     2 ||     3
Armor: Robe              |     5 |    16 |   108 |    87 ||   216
       Skin              |       |       |       |    41 ||    41
Dodge: Dodged            |    23 |    21 |   123 |   125 ||   292

Table legend:
 A = Spawn XP
 B = Non-spawn XP
 C = Spawn XP percentage of total XP
 D = Spawn monster count
 E = Non-spawn monster count
 F = Spawn count percentage of total count
 G = Total turns spent on level
                    A         B        C        D         E        F      G
               +---------+---------+-------+---------+---------+-------+---------
         Total |       0 |   13670 |   0.0 |       0 |     288 |   0.0 |  9685
               +---------+---------+-------+---------+---------+-------+---------
           D:1 |       0 |      42 |   0.0 |       0 |      20 |   0.0 |   569
           D:2 |       0 |     270 |   0.0 |       0 |      32 |   0.0 |  1118
           D:3 |       0 |     362 |   0.0 |       0 |      12 |   0.0 |   701
           D:4 |       0 |     397 |   0.0 |       0 |      18 |   0.0 |   590
           D:5 |       0 |     425 |   0.0 |       0 |      22 |   0.0 |   813
           D:6 |       0 |     974 |   0.0 |       0 |      26 |   0.0 |   681
           D:7 |       0 |    1820 |   0.0 |       0 |      24 |   0.0 |  1013
           D:8 |       0 |    1867 |   0.0 |       0 |      31 |   0.0 |   955
           D:9 |       0 |    4285 |   0.0 |       0 |      42 |   0.0 |  1522
          D:10 |       0 |    1810 |   0.0 |       0 |      24 |   0.0 |   876
          D:11 |       0 |     678 |   0.0 |       0 |       6 |   0.0 |   132
           Lab |       0 |     434 |   0.0 |       0 |       1 |   0.0 |   232
       Ossuary |       0 |     306 |   0.0 |       0 |      30 |   0.0 |   367
               +---------+---------+-------+---------+---------+-------+---------
